 Dungeon Crawl Stone Soup version 0.31-a0-271-gb88eb75e06 (webtiles) character file.

Game seed: 17769115406381696103

109218 spiderkeys the Nimble (level 16, -6/125 HPs)
             Began as a Demonspawn Wanderer on July 14, 2023.
             Was an Initiate of Gozag.
             Killed from afar by a will-o-the-wisp (9 damage)
             ... with a foxfire
             ... on level 1 of the Swamp.
             The game lasted 01:03:54 (33800 turns).

spiderkeys the Nimble (Demonspawn Wanderer)        Turns: 33800, Time: 01:03:55

Health: -6/125     AC:  8    Str:  9    XL:     16   Next: 4%
Magic:  28/28      EV: 28    Int: 16    God:    Gozag
Gold:   4194       SH:  5    Dex: 23    Spells: 17/31 levels left

rFire   + + .        b - +3 demon blade (flame)
rCold   + + .        (no shield)
rNeg    . . .        q - +3 leather armour {rPois}
rPois   +            (helmet restricted)
rElec   +            (cloak unavailable)
rCorr   +            Q - +0 pair of gloves
SInv    .            u - +0 pair of boots
Will    ++...        l - amulet of reflection
Stlth   ++           d - ring "Wuim" {rC+ EV+5 Str-4 Dex+5}
HPRegen 0.40/turn    F - ring of protection from fire
MPRegen 0.21/turn

%: reflection
@: mighty, resistant, marked, gold aura, enlightened, flying, invisible
A: horns 2, demonic guardian 1, powered by pain 3, weakness stinger 3, demonic
touch 2
a: Renounce Religion, Potion Petition, Call Merchant, Bribe Branch


You were on level 1 of the Swamp.
You worshipped Gozag.
Gozag was most pleased with you.
You visited 5 branches of the dungeon, and saw 24 of its levels.
You also visited: Ossuary and Volcano.

You collected 8212 gold pieces.
You spent 2942 gold pieces at shops.
You paid 1076 gold pieces to Gozag.


Innate Abilities, Weirdness & Mutations

You have a pair of horns on your head.
A weak demonic guardian rushes to your aid.
You are powered by pain.
You have a sharp stinger which inflicts weakening toxins.
Your touch may inflict irresistible damage on your foes.


   Skills:
 + Level 11.0 Fighting
 + Level 5.2(10.0) Short Blades
 - Level 13.2(13.6) Long Blades
 - Level 1.0 Ranged Weapons
 + Level 14.0 Dodging
 - Level 8.0 Spellcasting
 - Level 9.0 Hexes
 + Level 9.1 Transmutations
 - Level 8.0 Evocations


You had 17 spell levels left.
You knew the following spells:

 Your Spells              Type           Power      Damage    Failure   Level
c - Confusing Touch       Hex            35%        N/A       1%          3
e - Ensorcelled Hibernat  Hex/Ice        40%        N/A       3%          2
s - Slow                  Hex            100%       N/A       1%          1
t - Tukima's Dance        Hex            35%        N/A       1%          3
y - Yara's Violent Unrav  Hex/Tmut       17%        3d8       11%         5

Your spell library contained the following spells:

 Spells                   Type           Power      Damage    Failure   Level
 Passwall                 Tmut/Erth      17%        N/A       3%          2
 Inner Flame              Hex/Fire       20%        N/A       8%          3
 Magic Dart               Conj           24%        1d4       16%         1
 Necrotise                Necr           24%        1d5       16%         1
 Call Imp                 Summ           12%        N/A       24%         2
 Cigotuvi's Dreadful Rot  Necr/Pois/Air  12%        N/A       24%         2
 Scorch                   Fire           12%        2d5       24%         2
 Fulminant Prism          Conj/Hex       10%        3d8       24%         4
 Mephitic Cloud           Conj/Pois/Air  6%         N/A       43%         3
 Ozocubu's Armour         Ice            6%         N/A       43%         3
 Swiftness                Air            6%         N/A       43%         3
 Vampiric Draining        Necr           6%         2d6       43%         3
 Volatile Blastmotes      Fire/Tloc      12%        2d11      43%         3
 Metabolic Englaciation   Hex/Ice        10%        N/A       56%         5
 Dispel Undead            Necr           6%         3d8       83%         4
 Flame Wave               Conj/Fire      6%         2d5       83%         4
 Iskenderun's Mystic Bla  Conj/Tloc      6%         2d4       83%         4
 Enfeeble                 Hex            17%        N/A       97%         7
 Agony                    Necr           6%         N/A       99%         5
 Death Channel            Necr           3%         N/A       100%        6
 Summon Cactus Giant      Summ           3%         N/A       100%        6
 Haunt                    Necr/Summ      3%         N/A       100%        7
 Ozocubu's Refrigeration  Ice            3%         4d8       100%        7
 Borgnjor's Revivificati  Necr           3%         N/A       100%        8
 Death's Door             Necr           3%         N/A       100%        9
 Simulacrum               Ice/Necr       Unusable   N/A       N/A         6

Inventory:

Hand Weapons
 a - the +8 arc blade {discharge, rElec}
   (You bought it in a shop on level 13 of the Dungeon)

   rElec:     It insulates you from electricity.
 b - a +3 demon blade of flaming (weapon)
   (You found it in a volcano)
Missiles
 h - 38 poisoned darts
 t - 7 boomerangs
 X - 2 javelins
Armour
 q - a +3 leather armour of poison resistance (worn)
   (You found it on level 1 of the Dungeon)
 u - a +0 pair of boots (worn)
   (You found it on level 13 of the Dungeon)
 K - a +2 robe of cold resistance
   (You took it off Josephine on level 11 of the Dungeon)
 Q - a +0 pair of gloves (worn)
   (You found it on level 11 of the Dungeon)
 T - the +0 leather armour of the Orcish Mines {Int+3 SInv Stlth+}
   (You took it off a wizard on level 13 of the Dungeon)

   Int:       It affects your intelligence (+3).
   SInv:      It lets you see invisible.
   Stlth:     It makes you more stealthy.
 U - the +0 robe of the Summoning Gods {Str-5 Int+5 Archmagi}
   (You found it on level 2 of the Lair of Beasts)

   Str:       It affects your strength (-5).
   Int:       It affects your intelligence (+5).
   Archmagi:  It increases the power of your magical spells.
Magical Staves
 w - the staff "Kaires" {rElec rPois Int+5 Air, !a}
   (You found it on level 13 of the Dungeon)

   [staff of air]

   Base accuracy: +5 Base damage: 5 Base attack delay: 1.2 This weapon's minimum
   attack delay (0.6) is reached at skill level 12.
   Int:       It affects your intelligence (+5).
   rElec:     It insulates you from electricity.
   rPois:     It protects you from poison.
   Air:       It increases the power of your Air spells.
   It falls into the 'Staves' category.
   It is a one-handed weapon.
Jewellery
 d - the ring "Wuim" (left hand) {rC+ EV+5 Str-4 Dex+5}
   (You acquired it on level 8 of the Dungeon)

   [ring of evasion]

   EV:        It affects your evasion (+5).
   Str:       It affects your strength (-4).
   Dex:       It affects your dexterity (+5).
   rC:        It protects you from cold.
 g - an amulet of regeneration
   (You found it on level 10 of the Dungeon)
 l - an amulet of reflection (around neck)
   (You bought it in a shop on level 1 of the Orcish Mines)
 F - a ring of protection from fire (right hand)
   (You found it on level 1 of the Lair of Beasts)
 N - a ring of positive energy
   (You bought it in a shop on level 1 of the Orcish Mines)
 W - a ring of magical power
   (You found it on level 2 of the Lair of Beasts)
Wands
 c - a wand of polymorph (1)
   (You took it off a kobold brigand on level 9 of the Dungeon)
 e - a wand of charming (6)
   (You found it on level 6 of the Dungeon)
 f - a wand of flame (27)
   (You found it on level 9 of the Dungeon)
 v - a wand of quicksilver (4)
   (You found it on level 5 of the Lair of Beasts)
 H - a wand of digging (11)
   (You found it on level 11 of the Dungeon)
 R - a wand of roots (5)
   (You found it on level 3 of the Lair of Beasts)
Scrolls
 i - 3 scrolls of enchant armour
 j - 6 scrolls of amnesia
 k - a scroll of immolation {!r!r}
 y - 5 scrolls of poison
 z - 4 scrolls of vulnerability {!r!r}
 I - 3 scrolls of revelation
 L - 6 scrolls of fog
 O - 3 scrolls of teleportation {@r4}
 Z - a scroll of brand weapon
Potions
 m - 7 potions of curing {@q1}
 x - 8 potions of lignification {!q}
 B - 4 potions of haste {@q3}
 C - 2 potions of resistance
 D - a potion of enlightenment
 E - 8 potions of attraction {!q}
 G - 3 potions of might
 J - 3 potions of mutation {!q}
 M - 3 potions of ambrosia
 S - 2 potions of berserk rage {!q}
 V - 6 potions of brilliance
 Y - 2 potions of invisibility
Miscellaneous
 p - a phantom mirror
   (You found it on level 11 of the Dungeon)
 r - a condenser vane
   (You found it on level 11 of the Dungeon)
 A - a sack of spiders
   (You found it on level 13 of the Dungeon)
 P - a phial of floods (inert)
   (You found it on level 13 of the Dungeon)

Dungeon Overview and Level Annotations

Branches:
Dungeon (15/15) Zot: 23892  Temple (1/1) D:6 Zot: 5648    Lair (5/5) D:11 Zot: 22313
  Swamp (1/4) Lair:3 Zot: 5957  Spider (0/4) Lair:3        Slime (0/5) Lair:4
    Orc (2/2) D:11 Zot: 9112     Elf (0/3) Orc:2        Vaults (0/5) D:13
 Depths (0/4) D:15        Ossuary (visited)         Volcano (visited)

Altars:
Ashenzari
Cheibriados
Dithmenos
Fedhas
Gozag
Hepliaklqana
Kikubaaqudgha
Makhleb
Nemelex Xobeh
Okawaru
Qazlal
Ru
Sif Muna
Trog
Uskayaw
Vehumet
Wu Jian
Xom
Yredelemnul
Jiyva

Shops:
D:6 ?   D:13 *   Orc:1 =*   Orc:2 =([*

Portals:
Abyss: D:10
Trove: D:13 (show abyssal rune of Zot)

Annotations:
D:10 2 transporters, juan097's ghost, novice FoFi
D:11 exclusion: obsidian statue
D:14 exclusion: ice statue
Lair:4 exclusion: 3 oklob plants

~ ♣♣..♣♣ .~♣♣♣
♣♣♣..[..♣
♣§...♣♣♣♣♣..~~~..~
♣x~...~♣~.~~~~~~.)
$~.w~F..<..~~~..~..
$
~♣..w.kt~.~§~~.~..
~~.♣♣~~~~.§~v§§♣ .
♣♣~n§§§§~~.♣
♣♣.~~@vR§..~♣ §.♣
♣...~~$♣♣♣♣♣♣ ~.♣
♣....(i.Rwi.♣ ...♣
.~..♣♣~♣.yR~.♣♣ ..♣
~~.♣
♣♣♣♣♣♣.!.♣♣♣~~♣ .~♣
♣~F~♣~~~.♣ .
♣♣♣...~§♣♣ ♣~.§~♣♣
♣♣~♣...♣


You could see a bunyip (unable to see you, fleeing), 2 eleionomae, an alligator
(unable to see you, fleeing), a spriggan rider, 2 goliath frogs, a
will-o-the-wisp, a bog body (unable to see you), 2 swamp worms, a swamp drake
(unable to see you, fleeing), a friendly eleionoma (summoned), a friendly tyrant
leech (summoned) and a friendly vampire mosquito (summoned).


Message History

Your vampire mosquito bites the spriggan rider but does no damage.
Your vampire mosquito bites the goliath frog!
Your vampire mosquito draws strength from the goliath frog's injuries!
The eleionoma barely misses you. The spriggan rider misses you.
A bog body comes into view.
You block the spriggan rider's attack.
Your vampire mosquito misses the spriggan rider.
Your vampire mosquito barely misses the goliath frog.
The alligator puts on a burst of speed!
The spriggan rider barely misses you.
The goliath frog barely misses your vampire mosquito.
Your eleionoma hits the goliath frog!
The goliath frog dies! 😨 HP[+21]
You regained 21 hp, and now have 36/125 hp.
Okay, then.
As you read the scroll of fear, it crumbles to dust.
You assume a fearsome visage.
The eleionoma easily resists.
The bog body is unaffected.
The bunyip looks frightened!
The alligator looks frightened! x2
The swamp drake looks frightened!
The spriggan rider easily resists.
The spriggan rider resists with almost no effort.
The spriggan rider looks frightened!
The swamp worm looks frightened!
The eleionoma completely misses you. The spriggan rider misses you.
Your vampire mosquito closely misses the eleionoma.
The spriggan rider hits you from afar with a +0 spear!
* * * LOW HITPOINT WARNING * * *
The swamp drake is distracted by your dazzling golden aura.
Your tyrant leech bites the eleionoma!!
Your tyrant leech draws strength from the eleionoma's injuries!
The swamp drake roars! 😱 HP[-9]
You take 9 damage, and now have 27/125 hp.
You swap places.
An eleionoma and a will-o-the-wisp come into view.
Your vampire mosquito misses the eleionoma.
Your vampire mosquito bites the eleionoma!
Your vampire mosquito draws strength from the eleionoma's injuries!
The eleionoma hits your tyrant leech!
The spriggan rider hits your tyrant leech with a +0 spear!!
The eleionoma flows through the trees.
The alligator is distracted by your dazzling golden aura.
A goliath frog comes into view.
Your vampire mosquito barely misses the eleionoma.
Your vampire mosquito bites the eleionoma!
Your vampire mosquito draws strength from the eleionoma's injuries!
The spriggan rider completely misses you.
You see here 7 gold pieces.
Unknown command.
You can't bribe the denizens of the Swamp. [a] - 168 gold - might and brilliance [b] - 609 gold - lignification, might, resistance and brilliance [c] - 598 gold - resistance, enlightenment and invisibility Purchase which effect?
You feel protected.
You feel very buoyant.
You fly up into the air.
You fade into invisibility!
Your vampire mosquito closely misses the eleionoma.
Your vampire mosquito bites the eleionoma!
Your vampire mosquito draws strength from the eleionoma's injuries!
The eleionoma hurls a spray of splinters at your vampire mosquito.
The spray of wooden splinters hits your vampire mosquito!!!
Your vampire mosquito is destroyed!
Your vampire mosquito's corpse dissolves into shadows!
The spray of wooden splinters misses you.
The spriggan rider is distracted by your dazzling golden aura.
The eleionoma completely misses you.
Your tyrant leech barely misses the spriggan rider.
The spriggan rider barely misses you.
Your vampire mosquito closely misses the eleionoma.
The will-o-the-wisp gestures.
The will-o-the-wisp conjures some foxfire!
The eleionoma shouts!
The spriggan rider shouts! 2 foxfires come into view. 😱 HP[+1]
Okay, then.
You feel much better.
The swamp drake is no longer distracted by gold.
Your vampire mosquito bites the eleionoma but does no damage.
The eleionoma touches a tree and draws upon its vitality.
The eleionoma is healed.
You block the eleionoma's attack.
Your tyrant leech bites the spriggan rider!!
Your tyrant leech draws strength from the spriggan rider's injuries!
The spriggan rider hits you with a +0 spear!
* * * LOW HITPOINT WARNING * * *
Your vampire mosquito bites the eleionoma.
Your vampire mosquito draws strength from the eleionoma's injuries!
A swamp worm comes into view.
The foxfire hits you. You resist.
* * * LOW HITPOINT WARNING * * *
Your eleionoma hits the eleionoma but does no damage. 😱 HP[+3]
You regained 3 hp, and now have 31/125 hp.
The spriggan rider attacks as you move away!
The spriggan rider hits you with a +0 spear!!
* * * LOW HITPOINT WARNING * * *
You focus on the pain.
You feel very mighty all of a sudden. The foxfire hits you! You resist.
You die...
Your body crumbles into a pile of gold.

Skill      XL: |  1  2  3  4  5  6  7  8  9 10 11 12 13 14 15 |
---------------+----------------------------------------------+-----
Dodging        | 2 3 4 5 6 8 9 10 11 12 14 | 14.0
Long Blades    | 1 2 3 5 6 7 8 9 11 12 13 | 13.2
Fighting       | 3 4 5 6 7 8 10 11 | 11.0
Spellcasting   | 3 4 5 6 8 |  8.0
Hexes          | 5 9 |  9.0
Evocations     | 1 4 7 8 |  8.0
Transmutations | 4 7 9 |  9.1
Short Blades   | 5 |  5.2
Ranged Weapons | |  1.0

Action                     |  1- 3 |  4- 6 |  7- 9 | 10-12 | 13-15 | 16-18 || total
---------------------------+-------+-------+-------+-------+-------+-------++-------
  Melee: Short sword       |    26 |       |       |       |       |       ||    26
         Punch             |     3 |     2 |     3 |    11 |    24 |       ||    43
         Long sword        |    51 |   121 |   361 |   224 |   257 |       ||  1014
         Tailslap          |     4 |    17 |    80 |   157 |   285 |     1 ||   544
         Touch             |       |    18 |    91 |   196 |   298 |     2 ||   605
         Falchion          |       |       |    91 |   546 |       |       ||   637
         Demon blade       |       |       |       |       |   831 |    13 ||   844
         Headbutt          |       |       |       |       |   369 |     3 ||   372
         Rapier            |       |       |       |       |   207 |       ||   207
   Fire: Sling             |     1 |       |       |       |       |       ||     1
  Throw: Dart              |     3 |       |       |    25 |       |       ||    28
         Boomerang         |       |       |     4 |       |     3 |       ||     7
   Cast: Tukima's Dance    |       |       |       |     9 |     3 |       ||    12
         Confusing Touch   |       |       |       |     6 |     4 |       ||    10
         Ensorcelled Hiber |       |       |       |       |     5 |       ||     5
 Invoke: Call Merchant     |       |       |       |       |     1 |       ||     1
         Potion Petition   |       |       |       |       |       |     1 ||     1
  Evoke: Wand              |       |       |     3 |    11 |    19 |       ||    33
         Condenser vane    |       |       |       |       |     1 |       ||     1
         Phial of floods   |       |       |       |       |     1 |       ||     1
    Use: Scroll            |     1 |       |    12 |     6 |     8 |     3 ||    30
         Potion            |     1 |       |     8 |     1 |     1 |     5 ||    16
   Stab: Sleeping          |     3 |     4 |     2 |     2 |     5 |       ||    16
         Distracted        |       |       |     1 |     7 |    13 |     1 ||    22
         Confused          |       |       |       |    12 |     3 |       ||    15
         Petrified         |       |       |       |       |     3 |       ||     3
 Armour: Leather armour    |    32 |    46 |   161 |   115 |   150 |     1 ||   505
  Dodge: Dodged            |    56 |    94 |   332 |   740 |  1070 |    21 ||  2313
  Block: Other             |       |       |       |    82 |   248 |     6 ||   336
         Reflection        |       |       |       |     3 |     2 |       ||     5

Levels and vault maps discovered:
D:1:      giann_wishing_wells, layout_loops_ring,
          chequers_serial_rivers_small_b, hex_tiny
D:2:      layout_basic, basic_altar, minmay_vboxes, uniq_robin, uniq_sigmund,
          uniq_terence
D:3:      layout_basic, nicolae_kikubaaqudgha_miasma_corner,
          minmay_misc_feat_chi, minmay_misc_feat_five
D:4:      minmay_inner_zag, layout_rooms, overflow_temple_1_default,
          nicolae_hexahallways, kennysheep_generic_room_9
D:5:      layout_loops_ring, nemelex_diamond_rough_becter,
          chequers_serial_rivers_large_a, guppyfry_early_lair_pool
D:6:      layout_layer_cave, minmay_temple_entry_glass, serial_shops,
          nicolae_shop_statue_plus, uniq_menkaure
D:7:      layout_rooms, fedhas_altar_decomposition,
          lightli_ossuary_entry_decrepit_ruins, uniq_prince_ribbit1
D:8:      layout_rooms, lemuel_coloured_pillars_altar, hangedman_decor_points,
          guppyfry_early_elven_hall
D:9:      layout_rooms, kennysheep_mini_moat, grunt_temple_overflow_open
D:10:     layout_irregular_city, gammafunk_ghost_abyssal_escape,
          lightli_fourway_metalbox
D:11:     layout_grid_maze, erik_lair_island, minmay_protected_statue,
          uniq_josephine
D:12:     layout_irregular_city
D:13:     minmay_the_grid_octo_tiled_octocenter [minmay_the_grid_octo_odd_swirl,
          minmay_the_grid_octo_teeth, minmay_the_grid_octo_pinwheel,
          minmay_the_grid_octo_fat_diamond, minmay_the_grid_octo_prize_big_c,
          minmay_the_grid_square_5x5_minimal,
          minmay_the_grid_square_5x5_trominoes,
          minmay_the_grid_square_5x5_six_small,
          minmay_the_grid_square_5x5_broken_cross], layout_loops_ring,
          erik_vaults_1, enter_trove_1, minmay_misc_feat_encased
D:14:     lemuel_ice_statue, layout_basic, lemuel_crystal_altar
D:15:     hangedman_depths_entry_try_elsewhere_first, layout_basic,
          nrook_mini_backslash, grunt_gozag_statues
Temple:   jpeg_temple_clearing
Lair:1:   layout_roguey, grunt_megastairs_1, serial_bayou_shore_b
Lair:2:   layout_big_grid, kennysheep_snail_temple, infiniplex_staircase_pool,
          uniq_amaemon
Lair:3:   layout_hall_layers, palyth_hydra_swamp_entry,
          spider_nest_entry_rubble, nicolae_volcano_entry_s_turn,
          grunt_megastairs_5
Lair:4:   layout_gridlike, minmay_slime_entry_oklob_open, minmay_lair_drake_nest
Lair:5:   wormcave, layout_hall_layers, hangedman_lair_caniforms_friends,
          serial_rivers, chequers_serial_rivers_small_a,
          chequers_serial_rivers_micro_e, chequers_serial_rivers_large_b,
          chequers_serial_rivers_micro_b, chequers_serial_rivers_micro_d,
          patterned_corridor
Swamp:1:  layout_basic_swamp, evilmike_swamp_ruin_rubble_1
Orc:1:    layout_caves, serial_shops, shop, minmay_shop_enchanted_jewellery
Orc:2:    grunt_orc_cross, layout_diamond_mine, basic_altar

Notes
Turn   | Place    | Note
-------+----------+-------------------------------------------
     0 | D:1      | spiderkeys the Demonspawn Wanderer began the quest for the
                  | Orb.
     0 | D:1      | spiderkeys set off with the following items: a +2 short
                  | sword, a +0 sling, a +0 cloak, a scroll of fear, a +0
                  | leather armour.
     0 | D:1      | Reached XP level 1. HP: 16/16 MP: 3/3
     0 | D:1      | magus.rc [v1.11.3]
   195 | D:1      | Reached skill level 2 in Dodging
   199 | D:1      | You feel monstrous as your demonic heritage exerts itself.
   199 | D:1      | Discovered your monstrous ancestry.
   199 | D:1      | Gained mutation: You have a small tail. [demonic ancestry]
   199 | D:1      | Reached XP level 2. HP: 20/22 MP: 5/5
   878 | D:2      | Found a sacrificial altar of Ru.
  1053 | D:2      | Noticed Terence
  1060 | D:2      | HP: 5/23 [Terence/+0 short sword (3)]
  1063 | D:2      | Killed Terence
  1064 | D:2      | Reached XP level 3. HP: 28/28 MP: 6/6
  1300 | D:2      | Reached skill level 1 in Long Blades
  1383 | D:2      | Noticed Robin
  1387 | D:2      | Noticed a scorpion
  1392 | D:2      | Killed Robin
  1393 | D:2      | Gained mutation: A weak demonic guardian rushes to your
                  | aid. [demonic ancestry]
  1393 | D:2      | Reached XP level 4. HP: 31/34 MP: 6/8
  1404 | D:2      | Killed a scorpion
  1405 | D:2      | Reached skill level 3 in Fighting
  1405 | D:2      | Reached skill level 3 in Spellcasting
  1414 | D:2      | Gained mutation: Your touch may inflict minor irresistible
                  | damage on your foes. [demonic ancestry]
  1414 | D:2      | Reached XP level 5. HP: 33/41 MP: 9/9
  1459 | D:2      | Noticed Sigmund
  1463 | D:2      | Killed Sigmund
  1464 | D:2      | Reached skill level 2 in Long Blades
  1464 | D:2      | Reached skill level 3 in Dodging
  1464 | D:2      | Gained mutation: You have a tail ending in a sharp stinger.
                  | [demonic ancestry]
  1464 | D:2      | Reached XP level 6. HP: 47/47 MP: 9/11
  2391 | D:3      | Found an ancient bone altar of Kikubaaqudgha.
  3190 | D:4      | Reached skill level 4 in Fighting
  3281 | D:4      | Found a sacrificial altar of Ru.
  3405 | D:4      | Reached XP level 7. HP: 54/54 MP: 12/12
  3582 | D:4      | Reached skill level 3 in Long Blades
  4108 | D:5      | Entered Level 5 of the Dungeon
  4131 | D:5      | Reached skill level 4 in Spellcasting
  4226 | D:5      | Reached skill level 4 in Dodging
  4419 | D:5      | You pick up a book of Winter and begin reading...
  4419 | D:5      | You add the spells Ozocubu's Armour, Metabolic Englaciation
                  | and Simulacrum to your library.
  4732 | D:5      | Found a sparkling altar of Nemelex Xobeh.
  4811 | D:5      | HP: 13/55 [gnoll sergeant/+0 spear (2)]
  5374 | D:6      | Reached skill level 5 in Fighting
  5374 | D:6      | Gained mutation: You sometimes gain a little power by
                  | taking damage. [demonic ancestry]
  5374 | D:6      | Reached XP level 8. HP: 58/62 MP: 13/15
  5494 | D:6      | Reached skill level 4 in Long Blades
  5542 | D:6      | Found a staircase to the Ecumenical Temple.
  5579 | Temple   | Entered the Ecumenical Temple
  5586 | Temple   | Reached skill level 5 in Spellcasting
  5741 | Temple   | Became a worshipper of Gozag Ym Sagoz the Greedy
  5977 | D:6      | Found Ruvar's Magic Scroll Shop.
  6002 | D:6      | Reached skill level 5 in Dodging
  6029 | D:6      | Noticed Menkaure
  6038 | D:6      | Killed Menkaure
  6928 | D:7      | Reached skill level 6 in Fighting
  6982 | D:7      | Noticed Prince Ribbit
  7026 | D:7      | Reached skill level 5 in Long Blades
  7037 | D:7      | Found a sand-covered staircase.
  7076 | Ossuary  | Entered an ossuary
  7091 | Ossuary  | Gained mutation: You sometimes gain power by taking damage.
                  | [demonic ancestry]
  7091 | Ossuary  | Reached XP level 9. HP: 60/69 MP: 17/17
  7364 | Ossuary  | Reached skill level 6 in Spellcasting
  7494 | Ossuary  | Reached skill level 6 in Dodging
  8097 | D:7      | Reached skill level 7 in Fighting
  8217 | D:7      | Reached skill level 6 in Long Blades
  8315 | D:7      | Found a blossoming altar of Fedhas.
  8402 | D:7      | Killed Prince Ribbit
  8812 | D:8      | Paralysed by a hornet for 3 turns
  8825 | D:8      | Gained mutation: Your touch may inflict irresistible damage
                  | on your foes. [demonic ancestry]
  8825 | D:8      | Reached XP level 10. HP: 28/79 MP: 20/20
  9045 | D:8      | Reached skill level 7 in Spellcasting
  9048 | D:8      | HP: 18/79 [yak (9)]
  9056 | D:8      | Reached skill level 7 in Dodging
  9059 | D:8      | HP: 17/80 [killer bee (5)]
  9849 | D:8      | Reached skill level 8 in Fighting
 10030 | D:8      | Noticed a deep elf pyromancer
 10045 | D:8      | Killed a deep elf pyromancer
 10046 | D:8      | Reached skill level 7 in Long Blades
 10293 | D:8      | Found a hide-covered altar of Uskayaw.
 10319 | D:8      | Identified a scroll of acquirement
 10320 | D:8      | Acquired the ring "Wuim" {rC+ EV+5 Str-4 Dex+5}
 10383 | D:9      | Noticed a gargoyle
 10388 | D:9      | Killed a gargoyle
 10497 | D:9      | Noticed a two-headed ogre
 10506 | D:9      | Reached skill level 8 in Spellcasting
 10511 | D:9      | HP: 20/82 [orc warrior/+0 long sword (12)]
 10512 | D:9      | Killed a two-headed ogre
 10513 | D:9      | Reached skill level 8 in Dodging
 10518 | D:9      | Gained mutation: You have a sharp stinger which inflicts
                  | weakening toxins. [demonic ancestry]
 10518 | D:9      | Reached XP level 11. HP: 23/87 MP: 23/23
 10720 | D:9      | Found a shadowy altar of Dithmenos.
 10981 | D:9      | Reached skill level 9 in Fighting
 11148 | D:9      | You add the spells Confusing Touch, Tukima's Dance, Inner
                  | Flame and Yara's Violent Unravelling to your library.
 11148 | D:9      | Got the Directory of Interference
 11153 | D:9      | Learned a level 3 spell: Confusing Touch
 11354 | D:10     | Entered Level 10 of the Dungeon
 11662 | D:10     | Reached skill level 8 in Long Blades
 11662 | D:10     | Reached skill level 1 in Hexes
 11683 | D:10     | Reached skill level 2 in Hexes
 11730 | D:10     | Found a transporter.
 11778 | D:10     | Noticed a purple very ugly thing
 11778 | D:10     | Noticed juan097's ghost (novice FoFi)
 11783 | D:10     | Found a one-way gate to the infinite horrors of the Abyss.
 11943 | D:10     | Found a transporter.
 12065 | D:10     | Reached skill level 3 in Hexes
 12383 | D:10     | Noticed a two-headed ogre
 12394 | D:10     | Killed a two-headed ogre
 12395 | D:10     | Reached skill level 4 in Hexes
 12832 | D:11     | Reached skill level 5 in Hexes
 12837 | D:11     | Reached skill level 9 in Dodging
 12880 | D:11     | Found a staircase to the Lair.
 12893 | D:11     | Noticed an obsidian statue
 13123 | D:11     | HP: 20/90 [gargoyle/+0 flail (19)]
 13330 | D:11     | Noticed a two-headed ogre
 13340 | D:11     | Killed a two-headed ogre
 13341 | D:11     | Reached skill level 10 in Fighting
 13341 | D:11     | Reached skill level 1 in Evocations
 13433 | D:11     | Gained mutation: You are powered by pain. [demonic
                  | ancestry]
 13433 | D:11     | Reached XP level 12. HP: 96/97 MP: 24/24
 13468 | D:11     | Noticed a boulder beetle
 13478 | D:11     | Found a staircase to the Orcish Mines.
 13482 | D:11     | Killed a boulder beetle
 13483 | D:11     | Reached skill level 6 in Hexes
 13567 | D:11     | Noticed Josephine
 13862 | D:11     | Killed Josephine
 13863 | D:11     | Reached skill level 9 in Long Blades
 13863 | D:11     | Reached skill level 2 in Evocations
 13902 | D:11     | Noticed a boulder beetle
 13932 | D:11     | Killed a boulder beetle
 14055 | D:11     | You pick up a book of Necromancy and begin reading...
 14055 | D:11     | You add the spells Necrotise, Vampiric Draining and Agony
                  | to your library.
 14084 | D:11     | Learned a level 3 spell: Tukima's Dance
 14090 | D:11     | Learned a level 5 spell: Yara's Violent Unravelling
 14270 | D:11     | Identified the +3 leather armour of the Doldrums {Dex+2}
 14467 | Orc:1    | Entered Level 1 of the Orcish Mines
 14467 | Orc:1    | Found Salueb's Jewellery Emporium.
 14473 | Orc:1    | Bought an amulet of reflection for 360 gold pieces
 14716 | Orc:1    | Reached skill level 7 in Hexes
 14786 | Orc:1    | Found Kexecwel's Assorted Antiques.
 14856 | Orc:1    | Bought a notched bone ring for 130 gold pieces
 15020 | Orc:2    | Entered Level 2 of the Orcish Mines
 15030 | Orc:2    | Reached skill level 3 in Evocations
 15296 | Orc:2    | Paralysed by an orc sorcerer for 3 turns
 15378 | Orc:2    | Noticed an orc warlord
 15625 | Orc:2    | Killed an orc warlord
 15778 | Orc:2    | Noticed an orc high priest
 15813 | Orc:1    | Reached skill level 8 in Hexes
 15927 | Orc:2    | Killed an orc high priest
 15928 | Orc:2    | Reached skill level 4 in Evocations
 15989 | Orc:2    | Noticed Blork the orc
 16168 | Orc:2    | Killed Blork the orc
 16425 | Orc:1    | HP: 23/97 [orc knight/+1 great mace of holy wrath (20)]
 16748 | Orc:1    | Reached skill level 10 in Dodging
 16817 | Orc:2    | Found Jegull's Antique Weapon Boutique.
 17049 | Orc:2    | Found Sasei's Jewellery Boutique.
 17187 | Orc:2    | Found a staircase to the Elven Halls.
 17286 | Orc:2    | Found Weobroc's Antique Armour Boutique.
 17303 | Orc:2    | Found Buineil's General Store.
 17310 | Orc:2    | Bought a scroll of blinking for 112 gold pieces
 17547 | Lair:1   | Entered Level 1 of the Lair of Beasts
 17703 | Lair:1   | Reached skill level 9 in Hexes
 17703 | Lair:1   | Gained mutation: You have a pair of small horns on your
                  | head. [demonic ancestry]
 17703 | Lair:1   | Reached XP level 13. HP: 103/103 MP: 25/25
 17710 | Lair:1   | You pick up a book of Minor Magic and begin reading...
 17710 | Lair:1   | You add the spells Magic Dart, Call Imp and Mephitic Cloud
                  | to your library.
 17877 | Lair:1   | Reached skill level 5 in Evocations
 17951 | Lair:1   | Reached skill level 10 in Long Blades
 17951 | Lair:1   | Reached skill level 1 in Transmutations
 18169 | Lair:1   | You pick up a book of Blasting and begin reading...
 18169 | Lair:1   | You add the spells Volatile Blastmotes, Fulminant Prism and
                  | Iskenderun's Mystic Blast to your library.
 18649 | Lair:2   | HP: 20/103 [nine-headed hydra (10)]
 18654 | Lair:2   | Reached skill level 2 in Transmutations
 18903 | Lair:2   | Identified the +0 robe of the Summoning Gods {Str-5 Int+5
                  | Archmagi}
 19013 | Lair:2   | Noticed Amaemon
 19029 | Lair:2   | Killed Amaemon
 19124 | Lair:2   | Reached skill level 6 in Evocations
 19424 | Lair:2   | Found a snail-covered altar of Cheibriados.
 19436 | Lair:2   | Reached skill level 3 in Transmutations
 19580 | Lair:2   | You pick up a book of Burglary and begin reading...
 19580 | Lair:2   | You add the spells Passwall, Ensorcelled Hibernation and
                  | Swiftness to your library.
 19624 | Lair:2   | Learned a level 2 spell: Ensorcelled Hibernation
 20063 | Lair:3   | Found a dark tunnel.
 20068 | Volcano  | Entered a volcano
 20572 | Volcano  | Reached skill level 11 in Dodging
 20576 | Volcano  | Reached skill level 4 in Transmutations
 20700 | Volcano  | Noticed a fire dragon
 20715 | Volcano  | Killed a fire dragon
 20716 | Volcano  | Reached skill level 7 in Evocations
 21365 | Lair:3   | Found a hole to the Spider Nest.
 21700 | Lair:3   | Reached skill level 11 in Long Blades
 21897 | Lair:3   | Found a staircase to the Swamp.
 21998 | Lair:4   | Reached XP level 14. HP: 108/110 MP: 26/26
 22076 | Lair:4   | You pick up a book of Scorching and begin reading...
 22076 | Lair:4   | You add the spells Scorch, Flame Wave and Summon Cactus
                  | Giant to your library.
 22231 | Lair:4   | Reached skill level 5 in Transmutations
 23203 | Lair:4   | Found a viscous altar of Jiyva.
 23206 | Lair:4   | Found a staircase to the Slime Pits.
 23536 | Lair:5   | Entered Level 5 of the Lair of Beasts
 23545 | Lair:5   | Reached skill level 8 in Evocations
 23968 | Lair:5   | Reached skill level 6 in Transmutations
 24281 | Lair:5   | Found a runed translucent door.
 24297 | Lair:5   | Reached skill level 12 in Dodging
 24423 | Lair:5   | HP: 18/110 [tyrant leech (23)]
 24919 | Lair:5   | Reached skill level 12 in Long Blades
 24994 | Lair:5   | You pick up a book of Decay and begin reading...
 24994 | Lair:5   | You add the spells Cigotuvi's Dreadful Rot, Dispel Undead
                  | and Death Channel to your library.
 25102 | Lair:5   | You pick up a book of Debilitation and begin reading...
 25131 | Lair:5   | Learned a level 1 spell: Slow
 25254 | Lair:5   | Reached skill level 7 in Transmutations
 26174 | D:12     | You pick up a book of Misfortune and begin reading...
 26929 | D:13     | Found a gate to the Vaults.
 27019 | D:13     | Reached XP level 15. HP: 71/115 MP: 27/27
 27353 | D:13     | Reached skill level 8 in Transmutations
 27500 | D:13     | Identified the +0 leather armour of the Orcish Mines {Int+3
                  | SInv Stlth+}
 27678 | D:13     | Reached skill level 13 in Dodging
 28011 | D:13     | Reached skill level 13 in Long Blades
 28090 | D:13     | Identified the +5 arbalest "Seiteduu" {penet, Str+3 Int+5}
 28894 | D:13     | Identified the staff "Kaires" {rElec rPois Int+5 Air}
 28906 | D:13     | Bought the +8 arc blade {discharge, rElec} for 2340 gold
                  | pieces
 28906 | D:13     | Found the +8 arc blade {discharge, rElec}
 29069 | D:13     | Found a portal to a secret trove of treasure.
 29084 | D:13     | This trove requires the presence of the abyssal rune of Zot
                  | to function. Show it the item?
 29259 | D:14     | Reached skill level 3 in Short Blades
 29886 | D:14     | Found an ancient bone altar of Kikubaaqudgha.
 30081 | D:14     | You add the spells Haunt, Borgnjor's Revivification and
                  | Death's Door to your library.
 30301 | D:14     | Reached skill level 4 in Short Blades
 30486 | D:15     | Entered Level 15 of the Dungeon
 31414 | D:15     | Paralysed by an orc sorcerer for 4 turns
 32239 | D:15     | Reached skill level 9 in Transmutations
 32254 | D:15     | HP: 27/117 [??? (25)]
 32758 | D:15     | Reached skill level 5 in Short Blades
 32904 | D:15     | Found an opulent altar of Gozag.
 33256 | D:15     | Found a staircase to the Depths.
 33268 | D:15     | Reached skill level 14 in Dodging
 33275 | D:15     | HP: 25/117 [dire elephant (9)]
 33277 | D:15     | HP: 11/117 [salamander/+0 spear (5)]
 33278 | D:15     | Reached skill level 11 in Fighting
 33278 | D:15     | Gained mutation: You have a pair of horns on your head.
                  | [demonic ancestry]
 33278 | D:15     | Reached XP level 16. HP: 12/125 MP: 28/28
 33757 | Swamp:1  | Entered Level 1 of the Swamp
 33792 | Swamp:1  | HP: 28/125 [acid (8)]
 33792 | Swamp:1  | HP: 11/125 [spriggan rider/+0 spear (17)]
 33799 | Swamp:1  | HP: 31/125 [will-o-the-wisp/foxfire (5)]
 33800 | Swamp:1  | HP: 3/125 [spriggan rider/+0 spear (28)]
 33800 | Swamp:1  | Killed from afar by a will-o-the-wisp

Vanquished Creatures
  An orc warlord (Orc:2)
  A dire elephant (D:15)
  A fire dragon (Lair:5)
  Josephine (D:11)
  11 hydras
  2 catoblepae
  3 centaur warriors
  A death knight (D:15)
  5 boulder beetles
  2 dancing weapons (D:13)
  3 tengu warriors
  5 two-headed ogres
  An orc high priest (Orc:2)
  A soul eater (Volcano)
  3 sun demons (Volcano)
  Amaemon (Lair:2)
  4 skeletal warriors (D:13)
  A fire crab (Lair:4)
  A wizard (D:13)
  2 lindwurms (Lair:5)
  A phantasmal warrior (D:15)
  A deep elf zephyrmancer (D:13)
  A wolf spider (D:15)
  A deep elf pyromancer (D:8)
  6 orc sorcerers
  2 cyclopes
  4 manticores (D:13)
  4 orc knights
  A salamander (D:15)
  25 ugly things
  8 elephants (Lair:5)
  4 black mambas
  3 smoke demons (Volcano)
  8 torpor snails
  An orange demon (Lair:2)
  5 gargoyles
  11 komodo dragons
  13 cane toads
  3 kobold demonologists
  A freezing wraith (D:15)
  3 tengu conjurers
  7 rime drakes
  A polar bear (shapeshifter) (D:14)
  12 polar bears
  8 trolls
  A tarantella (Lair:3)
  8 hornets
  5 tyrant leeches
  A raiju (shapeshifter) (D:13)
  10 blink frogs
  Prince Ribbit (D:7)
  2 raiju (Lair:5)
  Sigmund (D:2)
  14 slime creatures
  A spriggan (shapeshifter) (D:14)
  A water elemental (D:11)
  A vampire (D:13)
  8 wraiths
  3 shadows
  4 wyverns
  49 yaks
  A fire elemental (Lair:4)
  Menkaure (D:6)
  3 steam dragons (Volcano)
  2 basilisks
  9 wargs
  4 vampire mosquitoes
  2 acid dragons
  16 water moccasins
  18 hell hounds
  25 orc warriors
  11 black bears (Lair:5)
  An ice beast (D:8)
  A sky beast (D:6)
  6 ogres
  27 wolves
  7 centaurs
  Blork the orc (Orc:2)
  3 kobold brigands
  9 bullfrogs
  4 necrophages (D:7)
  A wyvern zombie (Ossuary)
  A gnoll sergeant (D:5)
  4 scorpions
  8 wights (D:7)
  4 water moccasin zombies (Ossuary)
  5 killer bees (D:8)
  5 howler monkeys
  3 electric eels
  3 centaur zombies
  7 bullfrog zombies (Ossuary)
  A jelly (D:5)
  14 orc priests
  8 hounds
  A sleepcap (D:7)
  7 iguanas
  24 orc wizards
  7 hell rats (Lair:3)
  Terence (D:2)
  3 killer bee zombies
  12 mummies (Ossuary)
  6 howler monkey zombies
  Robin (D:2)
  3 gnolls
  5 adders
  A white imp (D:5)
  58 orcs
  5 endoplasms
  4 giant cockroaches
  19 goblins
  5 hobgoblins
  3 jackals (D:1)
  20 kobolds
  2 quokkas
  7 ball pythons
  9 bats
  3 frilled lizards
  A rat (D:3)
716 creatures vanquished.

Vanquished Creatures (collateral kills)
  A fire dragon (Volcano)
  A sun demon (Volcano)
  A goliath frog (Swamp:1)
  2 orc knights
  2 yaks
  An orc warrior (Orc:1)
  An orc priest (Orc:2)
  An orc wizard (D:5)
  4 gnolls
  4 orcs
  A kobold (D:3)
19 creatures vanquished.

Vanquished Creatures (others)
  2 hornets (Lair:5)
  A dancing weapon (Orc:2)
  An orc wizard (Orc:1)
  2 orcs
  A foxfire (Swamp:1)
7 creatures vanquished.

Grand Total: 742 creatures vanquished

Table legend:
 A = Non-vault XP
 B = Vault XP
 C = Vault XP percentage of total XP
 D = Non-vault monster count
 E = Vault monster count
 F = Vault count percentage of total count
                 A         B        C        D         E       F
            +---------+---------+-------+---------+---------+-------
      Total |   93214 |   62812 |  40.3 |     477 |     259 |  35.2
            +---------+---------+-------+---------+---------+-------
        D:1 |      25 |       0 |   0.0 |      13 |       0 |   0.0
        D:2 |      24 |     403 |  94.4 |      16 |      21 |  56.8
        D:3 |     118 |       0 |   0.0 |      25 |       0 |   0.0
        D:4 |     126 |      98 |  43.8 |       9 |       7 |  43.8
        D:5 |     506 |      13 |   2.5 |      18 |       1 |   5.3
        D:6 |     525 |     190 |  26.6 |      13 |       1 |   7.1
        D:7 |    1079 |     698 |  39.3 |      18 |       8 |  30.8
        D:8 |    2222 |     585 |  20.8 |      26 |       1 |   3.7
        D:9 |    4093 |       0 |   0.0 |      25 |       0 |   0.0
       D:10 |    4719 |    1765 |  27.2 |      22 |       6 |  21.4
       D:11 |    5086 |    1793 |  26.1 |      22 |       8 |  26.7
       D:12 |    2582 |       0 |   0.0 |       9 |       0 |   0.0
       D:13 |    6772 |   13599 |  66.8 |      15 |      24 |  61.5
       D:14 |   13581 |       0 |   0.0 |      27 |       0 |   0.0
       D:15 |   15745 |    2997 |  16.0 |      39 |       4 |   9.3
     Temple |     239 |       0 |   0.0 |       5 |       0 |   0.0
     Lair:1 |    4123 |     485 |  10.5 |      15 |       2 |  11.8
     Lair:2 |    5573 |    2499 |  31.0 |      22 |       5 |  18.5
     Lair:3 |    3626 |    3881 |  51.7 |      23 |      14 |  37.8
     Lair:4 |    6487 |    1879 |  22.5 |      28 |       5 |  15.2
     Lair:5 |    9822 |   16809 |  63.1 |      23 |      72 |  75.8
    Swamp:1 |    1305 |       0 |   0.0 |       3 |       0 |   0.0
      Orc:1 |    1913 |    2425 |  55.9 |      35 |      10 |  22.2
      Orc:2 |    2923 |    4433 |  60.3 |      26 |      22 |  45.8
    Ossuary |       0 |    1204 | 100.0 |       0 |      33 | 100.0
    Volcano |       0 |    7056 | 100.0 |       0 |      15 | 100.0
            +---------+---------+-------+---------+---------+-------

Skill      XL: |  1  2  3  4  5  6  7  8  9 10 11 12 13 14 15 |
---------------+----------------------------------------------+-----
Dodging        | 2 3 4 5 6 8 9 10 11 12 14 | 14.0
Long Blades    | 1 2 3 5 6 7 8 9 11 12 13 | 13.2
Fighting       | 3 4 5 6 7 8 10 11 | 11.0
Spellcasting   | 3 4 5 6 8 |  8.0
Hexes          | 5 9 |  9.0
Evocations     | 1 4 7 8 |  8.0
Transmutations | 4 7 9 |  9.1
Short Blades   | 5 |  5.2
Ranged Weapons | |  1.0

Action                     |  1- 3 |  4- 6 |  7- 9 | 10-12 | 13-15 | 16-18 || total
---------------------------+-------+-------+-------+-------+-------+-------++-------
  Melee: Short sword       |    26 |       |       |       |       |       ||    26
         Punch             |     3 |     2 |     3 |    11 |    24 |       ||    43
         Long sword        |    51 |   121 |   361 |   224 |   257 |       ||  1014
         Tailslap          |     4 |    17 |    80 |   157 |   285 |     1 ||   544
         Touch             |       |    18 |    91 |   196 |   298 |     2 ||   605
         Falchion          |       |       |    91 |   546 |       |       ||   637
         Demon blade       |       |       |       |       |   831 |    13 ||   844
         Headbutt          |       |       |       |       |   369 |     3 ||   372
         Rapier            |       |       |       |       |   207 |       ||   207
   Fire: Sling             |     1 |       |       |       |       |       ||     1
  Throw: Dart              |     3 |       |       |    25 |       |       ||    28
         Boomerang         |       |       |     4 |       |     3 |       ||     7
   Cast: Tukima's Dance    |       |       |       |     9 |     3 |       ||    12
         Confusing Touch   |       |       |       |     6 |     4 |       ||    10
         Ensorcelled Hiber |       |       |       |       |     5 |       ||     5
 Invoke: Call Merchant     |       |       |       |       |     1 |       ||     1
         Potion Petition   |       |       |       |       |       |     1 ||     1
  Evoke: Wand              |       |       |     3 |    11 |    19 |       ||    33
         Condenser vane    |       |       |       |       |     1 |       ||     1
         Phial of floods   |       |       |       |       |     1 |       ||     1
    Use: Scroll            |     1 |       |    12 |     6 |     8 |     3 ||    30
         Potion            |     1 |       |     8 |     1 |     1 |     5 ||    16
   Stab: Sleeping          |     3 |     4 |     2 |     2 |     5 |       ||    16
         Distracted        |       |       |     1 |     7 |    13 |     1 ||    22
         Confused          |       |       |       |    12 |     3 |       ||    15
         Petrified         |       |       |       |       |     3 |       ||     3
 Armour: Leather armour    |    32 |    46 |   161 |   115 |   150 |     1 ||   505
  Dodge: Dodged            |    56 |    94 |   332 |   740 |  1070 |    21 ||  2313
  Block: Other             |       |       |       |    82 |   248 |     6 ||   336
         Reflection        |       |       |       |     3 |     2 |       ||     5

Illustrated notes

Table legend:
 A = Kills in this place as a percentage of kills in the entire game.
 B = Kills by you in this place as a percentage of kills by you in the entire game.
 C = Kills by friends in this place as a percentage of kills by friends in the entire game.
 D = Other kills in this place as a percentage of other kills in the entire game.
 E = Experience gained in this place as a percentage of experience gained in the entire game.
 F = Experience gained in this place divided by the number of levels of this place that you have seen.
                   A       B       C       D       E      F
               +-------+-------+-------+-------+-------+----------------------
         Total | 100.0 | 100.0 | 100.0 | 100.0 | 100.0 | 6001.0
       Dungeon |  51.4 |  51.0 |  68.4 |   0.0 |  50.9 | 5289.6
        Temple |   0.7 |   0.7 |   0.0 |   0.0 |   0.2 | 239.0
          Lair |  28.4 |  29.2 |   0.0 |   0.0 |  35.4 | 11036.8
         Swamp |   0.4 |   0.3 |   5.3 |   0.0 |   0.8 | 1305.0
  Orcish Mines |  12.6 |  12.4 |  15.8 | 100.0 |   7.5 | 5847.0
       Ossuary |   4.5 |   4.6 |   0.0 |   0.0 |   0.8 | 1204.0
       Volcano |   2.0 |   1.8 |  10.5 |   0.0 |   4.5 | 7056.0
               +-------+-------+-------+-------+-------+----------------------

Table legend: (Time is in decaauts)
 A = Elapsed time spent in this place.
 B = Non-inter-level travel time spent in this place.
 C = Inter-level travel time spent in this place.
 D = Time resting spent in this place.
 E = Time spent auto-exploring this place.
 F = Levels seen in this place.
 G = Mean time per level.
                   A        B        C        D        E       F      G
               +--------+--------+--------+--------+--------+-----+--------+
         Total |  33608 |  32244 |   1364 |   4353 |  21681 |  26 | 1292.6 |
       Dungeon |  20962 |  20003 |    959 |   2325 |  14167 |  15 | 1397.5 |
        Temple |    352 |    338 |     14 |    199 |     80 |   1 |  352.0 |
          Lair |   7687 |   7344 |    343 |    425 |   5564 |   5 | 1537.4 |
         Swamp |     41 |     41 |      0 |      0 |     10 |   1 |   41.0 |
  Orcish Mines |   2887 |   2841 |     46 |    916 |   1232 |   2 | 1443.5 |
       Ossuary |    841 |    841 |      0 |    133 |    391 |   1 |  841.0 |
       Volcano |    836 |    836 |      0 |    353 |    235 |   1 |  836.0 |
               +--------+--------+--------+--------+--------+-----+--------+

Top non-repeatable levels by time:
  Lair:5: 2361 daAuts
    D:15: 2349 daAuts
    D:13: 2301 daAuts
    D:14: 1883 daAuts
    D:10: 1682 daAuts
    D:11: 1596 daAuts
  Lair:4: 1550 daAuts
  Lair:2: 1451 daAuts
   Orc:1: 1444 daAuts
   Orc:2: 1442 daAuts
     D:7: 1428 daAuts
     D:8: 1346 daAuts
  Lair:3: 1313 daAuts
     D:6: 1230 daAuts
     D:3: 1214 daAuts
